ooog, lawful female human Valkyrie ------ ----- |....| |..`| |.`..----...| |.`....I`.@.| |..--->---h.| |---------.--- |..^^^<|`....| |..----|.....| --^| |.....| |.-----.....| |`.........`| |``---------- ---- ooog the Skirmisher Experience level: 5 Strength: 18/03 Dexterity: 11 Constitution: 18 Intelligence: 10 Wisdom: 7 Charisma: 8 Health: 0(59) Energy: 10(10) Def: 6 Gold: 721 Moves: 2072 Dungeon seed: 2xJkCM6qn1M8HNlq Game ID: ooog_1466825036 Your Inventory: Coins $ - 721 gold pieces Weapons a - a +1 long sword b - a +0 dagger (in quiver) m - a +0 broadsword (weapon in hand) p - a +0 trident Armor e - an uncursed +4 small shield (being worn) r - an uncursed +0 orcish helm (being worn) Comestibles c - 4 uncursed food rations h - an uncursed tripe ration i - an uncursed pear w - 2 uncursed eggs E - an uncursed Lemon Rings n - an uncursed ring of sustain ability (on left hand) t - an uncursed ring of protection from shape changers x - an uncursed ring of conflict G - a cursed ring of teleportation (on right hand) Wands d - a wand of wishing (0:0) o - a wand of digging (0:0) B - a wand of nothing (0:6) D - a wand of undead turning (0:7) Tools v - an uncursed skeleton key Gems q - a cursed loadstone y - an uncursed worthless piece of green glass z - an uncursed worthless piece of white glass N - 2 uncursed opals Spells and supernatural/magical abilities: Name Level Category Fail Memory W - pray for help -- divine ? -- Your skills at the end: Fighting Skills Weapon Skills dagger [Basic] long sword [Basic] Spellcasting Skills Final Attributes: You were piously aligned. You were cold resistant. You were stealthy. You could teleport. You had fixed abilities. You are dead (5th time!). Vanquished creatures: a yeti an orc shaman a fog cloud a straw golem a giant ant a kitten a homunculus a centipede 2 orc zombies 3 dwarf zombies an acid blob a hobbit a yellow mold a gnome a jackal a fox a goblin a sewer rat a grid bug 4 bats 2 lichens a kobold zombie 3 newts 32 creatures vanquished. Voluntary challenges: You were an atheist. You used a wielded weapon 43 times, starting on turn 56. You read items or engraved 4 times, starting on turn 8. You never genocided any monsters. You never polymorphed an object. You never changed form. You used 3 wishes, starting on turn 735. You did not wish for any artifacts. You never split a pudding. You never wrote Elbereth's name. You violated your moral code, losing 19 points of alignment, starting on turn 733. Dungeon overview: The Dungeons of Doom: levels 1 to 10 Level 1 a sink a long staircase Level 2 Level 3 some fountains Level 4 Level 5 Level 6 Level 7 Level 8 Level 9 Level 10 a fountain stairs to Sokoban Sokoban: levels 8 to 9 Level 8 Level 9 <- You were here stairs to The Dungeons of Doom History has recorded: On T:1 you entered the Dungeons of Doom to retrieve the Amulet of Yendor! On T:219 you reached level 2 of The Dungeons of Doom. On T:309 you reached level 3 of The Dungeons of Doom. On T:489 you reached level 4 of The Dungeons of Doom. On T:595 you reached level 5 of The Dungeons of Doom. On T:635 you advanced to experience level 2. On T:735 you wished for "sword". On T:762 you advanced to experience level 3. On T:781 you were saved from death by your wizard powers! On T:900 you reached level 6 of The Dungeons of Doom. On T:1029 you reached level 7 of The Dungeons of Doom. On T:1074 you reached level 8 of The Dungeons of Doom. On T:1092 you were saved from death by your wizard powers! On T:1158 you reached level 9 of The Dungeons of Doom. On T:1182 you reached level 10 of The Dungeons of Doom. On T:1184 you advanced to experience level 4. On T:1198 you were saved from death by your wizard powers! On T:1312 you reached level 4 of Sokoban. On T:1502 you reached level 3 of Sokoban. On T:1588 you advanced to experience level 5. On T:1757 you were saved from death by your wizard powers! On T:1893 you wished for "Teleportation". On T:1898 you wished for "healing". Score breakdown: Gold: 721 ( 9723 points) Experience: 5 levels (11141 points) Exploration: 10 levels ( 19.61%) (12727 points) Discoveries: 7 items ( 2.86%) ( 5070 points) Valuables value: (no points given unless you survive) Artifact value: 0 ( 0 points) Variety of kills: 23 monsters ( 6.04%) ( 7370 points) Turncount: 2072 turns ( -53 points) Survival: died (score multiplied by 80%) Total score: 36782 Latest messages: Sparks fly as you whack the boulder. Your long sword vibrates violently! The dwarf thrusts her dwarvish short sword. The dwarf hits! You are now wielding your broadsword. You decide not to force the issue. You hear a monster behind the boulder. Perhaps that's why you cannot move it. Oof! You walk into something hard. The dwarf thrusts her dwarvish short sword. The dwarf hits! Your leg feels somewhat better. You miss the dwarf. The dwarf thrusts her dwarvish short sword. The dwarf hits! You hit the dwarf. You miss the dwarf. The dwarf thrusts her dwarvish short sword. The dwarf hits! You miss the dwarf. (2x) The dwarf thrusts her dwarvish short sword. The dwarf hits! You die... Final status: Farvel ooog the Valkyrie, killed by a dwarf... You died in Sokoban on dungeon level 9 with 36782 points, and 721 pieces of gold, after 2072 moves. You were level 5 with a maximum of 59 hit points when you died.